 Dungeon Crawl Stone Soup version 0.19-a0-944-gb338e1e (webtiles) character file.

14483 matakusis the Fighter (level 11, 0/121 HPs)
             Began as a Demonspawn Gladiator on July 9, 2016.
             Was an Elder of Hepliaklqana.
             Slain by tstbtto's ghost (10 damage)
             ... on level 11 of the Dungeon.
             The game lasted 00:43:29 (11262 turns).

matakusis the Fighter (Demonspawn Gladiator)       Turns: 11262, Time: 00:43:30

Health: 0/121      AC: 25    Str: 20      XL:     11   Next: 89%
Magic:  9/9        EV:  5    Int:  7 (8)  God:    Hepliaklqana [****..]
Gold:   505        SH:  6    Dex: 17      Spells: 0 memorised, 10 levels left

rFire  . . .     SeeInvis .     a - +3 long sword (venom)
rCold  . . .     Gourm    .     (armour currently unavailable)
rNeg   + + +     Faith    .     x - +0 buckler
rPois  +         Spirit   .     (helmet currently unavailable)
rElec  .         Dismiss  .     (cloak currently unavailable)
rCorr  .         Reflect  .     (gloves currently unavailable)
SustAt .         Harm     .     (boots currently unavailable)
MR     .....     NoTele   +     (no amulet)
Stlth  ++........               (no ring)
                                (no ring)

@: mighty, tree-form (expiring), not resistant to hostile enchantments,
unstealthy
A: (claws 0), repulsion field 2, deterioration 1, dopey 1, frail 1, low mp 1,
powered by death 1, powered by pain 1, regeneration 1, wild magic 1
a: Recall Ancestor, Ancestor Identity, Transference, Idealise, Renounce Religion


You were on level 11 of the Dungeon.
You worshipped Hepliaklqana.
Hepliaklqana was greatly pleased with you.
You were not hungry.
You were a tree.
You visited 2 branches of the dungeon, and saw 12 of its levels.

You collected 505 gold pieces.

Inventory:

Hand Weapons
 a - a +3 long sword of venom (weapon)
 p - the cursed +1 hand crossbow "Opadgh" {venom, rN+, unknown}
   (You found it on level 11 of the Dungeon)

   It poisons the ammo it fires.
   It protects you from negative energy.
   It has a curse placed upon it.
Missiles
 d - a throwing net (quivered)
Armour
 b - a +0 leather armour (melded)
 c - a +0 helmet (melded)
 j - a +0 cloak (melded)
 o - a +2 large shield of reflection
 x - a +0 buckler (worn)
 E - a +0 pair of boots (melded)
Jewellery
 m - an uncursed ring of fire
 w - an uncursed ring of fire
 y - an uncursed ring of fire
 C - an uncursed ring of ice
Wands
 u - a wand of random effects (44/48)
 v - a wand of iceblast (9/15)
Scrolls
 g - 3 scrolls of identify
 i - 2 scrolls of remove curse
 q - a scroll of fog
 D - a scroll of fear
Potions
 e - 2 potions of curing
 h - 2 potions of haste
 n - 3 potions of might
 r - 3 potions of lignification
 z - a potion of invisibility
 B - a potion of resistance
Books
 A - a book of Burglary

   Spells                             Type                      Level
   a - Swiftness                      Charms/Air                   2
   b - Passwall                       Transmutation/Earth          2
   c - Passage of Golubria            Translocation                4
   d - Lee's Rapid Deconstruction     Earth                        5
   e - Darkness                       Hexes                        6
   f - Invisibility                   Hexes                        6
Comestibles
 f - 9 bread rations
 k - 6 meat rations
 s - 7 fruits
 t - 2 beef jerkies


   Skills:
 * Level 10.2 Fighting
 + Level 8.5 Long Blades
 - Level 1.7 Throwing
 + Level 4.0 Armour
 + Level 9.9 Dodging
 * Level 7.9 Shields


You had 10 spell levels left.
You didn't know any spells.

Dungeon Overview and Level Annotations

Branches:
Dungeon (11/15)            Temple (1/1) D:7            Lair (0/6) D:10
    Orc (0/2) D:9

Altars:
Ashenzari
Cheibriados
Dithmenos
Elyvilon
Gozag
Hepliaklqana
Kikubaaqudgha
Nemelex Xobeh
Pakellas
Qazlal
Ru
Sif Muna
Trog
Uskayaw
Vehumet
Xom
Yredelemnul
Zin
The Shining One

Shops:
D:8 (

Annotations:
D:10 Maurice
D:11 tstbtto's ghost, journeyman MiFi


Innate Abilities, Weirdness & Mutations

((You have very sharp fingernails.))
You are surrounded by a moderate repulsion field. (EV +3)
You regenerate a little health from kills.
You sometimes gain a little power by taking damage.
Your body sometimes deteriorates upon taking damage.
You are dopey. (Int -2)
You are frail. (-10% HP)
Your magical capacity is low. (-10% MP)
Your natural rate of healing is unusually fast.
Your spells are a little harder to cast, but a little more powerful.


Message History

* * * LOW HITPOINT WARNING * * *
You hit tstbtto's ghost.
Tstbtto's ghost is almost destroyed.
Tlalli hits tstbtto's ghost but does no damage.
Tstbtto's ghost hits Tlalli!!
You hit tstbtto's ghost.
Tstbtto's ghost is almost destroyed.
Tlalli gestures at tstbtto's ghost while chanting.
Tstbtto's ghost resists with almost no effort.
Tstbtto's ghost hits Tlalli!
Tlalli is destroyed!
Tstbtto's ghost turns its malevolent gaze towards you.
You hit tstbtto's ghost but do no damage.
Tstbtto's ghost is almost destroyed.
Tstbtto's ghost hits you!
* * * LOW HITPOINT WARNING * * *
You feel better. Tstbtto's ghost hits you!
* * * LOW HITPOINT WARNING * * *
You feel better. Tstbtto's ghost hits you!
You die...

...........# #.# #.#
##########.# #.# #.# # #(#
#.# #.# ##########.# #.#
##### #.# #........#.# #.#
#...# #.# #.W...W..#.#
#.###.#.# #.# #........#.#
#...[.#.# #.#
.....#.....#########.### #.#
...........>...W♣......# #.#
#.##.#.................###.#
#.#........................#
#.#..#...###########.#######
#.#..#....÷......# #.#
#.#..#..########.# #.#
#.#..#......... #.#
#.#..#.######## #.# # #..#.#
#.#


You could see tstbtto's ghost.

Vanquished Creatures
  The ghost of tstbtto the Carver, a journeyman MiFi of Okawaru (D:11)
  The ghost of Kenran the Cleaver, a novice DDFi of Makhleb (D:11)
  The ghost of matakusis the Fighter, a novice DsGl of Hepliaklqana (D:10)
  Nergalle (D:10)
  2 unseen horrors
  A hill giant (D:10)
  Pikel (D:7)
  2 trolls (D:11)
  18 yaks
  6 spriggans (D:5)
  A hungry ghost (D:10)
  4 hippogriffs
  A water moccasin (D:9)
  2 orc warriors
  2 sky beasts
  The ghost of tstbtto the Slasher, an amateur MiFi (D:3)
  An ogre (D:9)
  A necrophage (D:7)
  A phantom (D:9)
  3 crocodiles (D:11)
  3 centaurs
  A big kobold (D:11)
  2 giant frogs
  2 scorpions
  5 killer bees (D:7)
  A howler monkey (D:10)
  A giant frog zombie (D:7)
  A quasit (D:8)
  An orc priest (D:10)
  2 centaur skeletons
  A jelly (D:6)
  An orc wizard (D:9)
  3 hounds
  2 iguanas
  5 worker ants
  A worker ant zombie (D:6)
  2 gnolls (D:2)
  12 adders
  A shadow imp (D:5)
  An ooze (D:1)
  3 worms
  An adder skeleton (D:9)
  2 adder zombies
  7 dart slugs
  2 giant geckos
  23 orcs
  5 ball pythons
  9 bats
  A giant cockroach (D:1)
  12 goblins
  5 hobgoblins
  23 jackals
  3 quokkas
  A giant gecko zombie (D:6)
  6 giant newts
  6 kobolds
  A quokka zombie (D:6)
  8 rats
217 creatures vanquished.

Vanquished Creatures (collateral kills)
  Urug (D:10)
  Sonja (D:10)
  A hill giant (D:9)
  A troll (D:10)
  2 wyverns (D:9)
  An ice beast (D:7)
  A centaur (D:6)
  A crimson imp (D:9)
  A hound (D:9)
  A centaur skeleton (D:5)
  A killer bee zombie (D:6)
  4 gnolls
  An adder (D:4)
  An ooze (D:3)
  A worm (D:5)
  An adder skeleton (D:5)
  5 dart slugs (D:4)
  3 orcs (D:9)
  A bat (D:3)
  A giant cockroach (D:2)
  A hobgoblin (D:3)
  3 jackals (D:3)
  2 rats
36 creatures vanquished.

Vanquished Creatures (others)
  9 hexers
  2 ancestors (D:3)
11 creatures vanquished.

Grand Total: 264 creatures vanquished

Notes
Turn   | Place    | Note
-------+----------+-------------------------------------------
     0 | D:1      | matakusis the Demonspawn Gladiator began the quest for the Orb.
     0 | D:1      | Reached XP level 1. HP: 16/16 MP: 1/1
   109 | D:1      | Gained mutation: You are surrounded by a mild repulsion field. (EV +2) [demonic ancestry]
   109 | D:1      | Reached XP level 2. HP: 22/22 MP: 2/2
   703 | D:1      | Gained mutation: You sometimes gain a little power by taking damage. [demonic ancestry]
   703 | D:1      | Reached XP level 3. HP: 28/28 MP: 3/3
   944 | D:2      | Found a hazy altar of Hepliaklqana.
   952 | D:2      | Became a worshipper of Hepliaklqana
  1092 | D:2      | Reached XP level 4. HP: 23/34 MP: 4/4
  1511 | D:2      | Found a glowing golden altar of the Shining One.
  1585 | D:3      | Found a hide-covered altar of Uskayaw.
  1682 | D:3      | Reached skill level 3 in Fighting
  1685 | D:3      | Reached XP level 5. HP: 38/41 MP: 5/5
  1793 | D:3      | Noticed tstbtto's ghost (amateur MiFi)
  2188 | D:3      | Killed tstbtto's ghost
  2188 | D:3      | Reached skill level 1 in Armour
  2383 | D:3      | Reached * piety under Hepliaklqana
  2636 | D:4      | Gained mutation: You are surrounded by a moderate repulsion field. (EV +3) [demonic ancestry]
  2636 | D:4      | Reached XP level 6. HP: 30/47 MP: 6/6
  2761 | D:4      | Found a stormy altar of Qazlal.
  3350 | D:5      | Entered Level 5 of the Dungeon
  3713 | D:5      | Reached skill level 1 in Shields
  3825 | D:5      | Reached ** piety under Hepliaklqana
  3826 | D:5      | Remembered your ancestor Tlalli as a hexer
  3865 | D:5      | Noticed a spriggan
  3867 | D:5      | Noticed a spriggan
  3897 | D:5      | Killed a spriggan
  3897 | D:5      | Reached skill level 4 in Fighting
  3897 | D:5      | Gained mutation: You have sharp fingernails. [demonic ancestry]
  3897 | D:5      | Reached XP level 7. HP: 35/54 MP: 7/7
  3926 | D:5      | Killed a spriggan
  3926 | D:5      | Reached skill level 5 in Dodging
  4183 | D:5      | Noticed a spriggan
  4192 | D:5      | Killed a spriggan
  4269 | D:5      | Noticed a spriggan
  4275 | D:5      | Killed a spriggan
  4275 | D:5      | Gained mutation: You regenerate a little health from kills. [demonic ancestry]
  4275 | D:5      | Reached XP level 8. HP: 32/61 MP: 8/8
  4438 | D:5      | Reached skill level 5 in Fighting
  5155 | D:6      | Found a basalt altar of Yredelemnul.
  5414 | D:6      | Reached skill level 5 in Long Blades
  5891 | D:7      | Found a deep blue altar of Sif Muna.
  5940 | D:7      | Reached skill level 6 in Fighting
  5940 | D:7      | Reached XP level 9. HP: 69/69 MP: 9/9
  5960 | D:7      | Found a sacrificial altar of Ru.
  6197 | D:7      | Noticed Pikel
  6210 | D:7      | Killed Pikel
  6232 | D:7      | Found a staircase to the Ecumenical Temple.
  6240 | Temple   | Entered the Ecumenical Temple
  6261 | Temple   | Reached *** piety under Hepliaklqana
  6375 | D:7      | Reached skill level 5 in Shields
  6679 | D:8      | Reached skill level 7 in Fighting
  6727 | D:8      | Found Saumemown's Weapon Boutique.
  7000 | D:8      | Found a glowing silver altar of Zin.
  7440 | D:9      | Gained mutation: You have very sharp fingernails. [demonic ancestry]
  7440 | D:9      | Reached XP level 10. HP: 57/79 MP: 10/10
  7548 | D:9      | Found a snail-covered altar of Cheibriados.
  7632 | D:9      | Noticed a hill giant
  7640 | D:9      | Killed a hill giant
  7882 | D:9      | Found a staircase to the Orcish Mines.
  8132 | D:9      | Reached skill level 8 in Fighting
  8633 | D:10     | Entered Level 10 of the Dungeon
  8649 | D:10     | Noticed Sonja
  8665 | D:10     | Killed Sonja
  8927 | D:10     | Noticed Nergalle
  9266 | D:10     | Reached **** piety under Hepliaklqana
  9287 | D:10     | Noticed matakusis's ghost (novice DsGl)
  9304 | D:10     | Killed matakusis's ghost
  9445 | D:10     | Killed Nergalle
  9445 | D:10     | Reached XP level 11. HP: 87/87 MP: 11/11
  9713 | D:10     | Noticed Maurice
  9716 | D:10     | Noticed Urug
  9801 | D:10     | Killed an unseen horror
  9801 | D:10     | Reached skill level 9 in Fighting
  9823 | D:10     | Killed Urug
  9886 | D:10     | Found a staircase to the Lair.
  9909 | D:10     | Noticed a hill giant
  9922 | D:10     | Killed a hill giant
 10195 | D:11     | Noticed Kenran's ghost (novice DDFi)
 10226 | D:11     | Killed Kenran's ghost
 10586 | D:11     | Noticed tstbtto's ghost (journeyman MiFi)
 10607 | D:11     | Noticed tstbtto's ghost (journeyman MiFi)
 10643 | D:11     | Killed tstbtto's ghost
 10646 | D:11     | Reached skill level 10 in Fighting
 11017 | D:11     | Gained mutation: You are dopey. (Int -2) [mutagenic meat]
 11020 | D:11     | Gained mutation: Your body sometimes deteriorates upon taking damage. [mutagenic meat]
 11023 | D:11     | Gained mutation: You are frail. (-10% HP) [mutagenic meat]
 11026 | D:11     | Gained mutation: Your magical capacity is low. (-10% MP) [mutagenic meat]
 11029 | D:11     | Gained mutation: Your spells are a little harder to cast, but a little more powerful. [mutagenic meat]
 11032 | D:11     | Gained mutation: Your natural rate of healing is unusually fast. [mutagenic meat]
 11119 | D:11     | Got a bloodstained hand crossbow
 11156 | D:11     | Killed an unseen horror
 11260 | D:11     | HP: 5/121 [tstbtto's ghost (11)]
 11262 | D:11     | Slain by tstbtto's ghost

Vault maps used:
D:1:      dpeg_arrival_pits
D:2:      old_standard_altar, marbit_many_paths, first_bread
D:3:      eat_drink_and_be_merry_uskayaw
D:4:      kennysheep_slugbush, nicolae_overflow_hidden_temple
D:5:      kb_forest_paths
D:6:      kennysheep_mini_moat
D:7:      hangedman_ru_absence, old_standard_altar, uniq_pikel
D:8:      lemuel_crystal_altar, serial_shops, kennysheep_little_box
D:9:      cheibrodos_worm_habitat, david_orc_2
D:10:     dpeg_oklobed_lair, uniq_maurice, uniq_nergalle, uniq_sonja, uniq_urug
Temple:   chequers_temple_sunken

Skill      XL: |  1  2  3  4  5  6  7  8  9 10 11 |
---------------+----------------------------------+-----
Dodging        | 3 4 5 6 7 8 9 |  9.9
Long Blades    | 3 4 5 6 7 8 |  8.5
Fighting       | 3 4 6 7 8 10 | 10.2
Armour         | 1 2 3 4 |  4.0
Shields        | 1 3 4 5 6 7 |  7.9
Throwing       | |  1.7

Action                   |  1- 3 |  4- 6 |  7- 9 | 10-12 || total
-------------------------+-------+-------+-------+-------++-------
Melee: Long sword        |   138 |   253 |   337 |   521 ||  1249
Throw: Throwing net      |       |       |       |     3 ||     3
Invok: Recall Ancestor   |       |     1 |     4 |     1 ||     6
       Ancestor Life: He |       |     1 |       |       ||     1
  Use: Scroll            |       |    14 |    10 |     1 ||    25
       Potion            |       |     2 |     2 |     6 ||    10
 Stab: Sleeping          |     1 |     1 |     2 |     1 ||     5
       Distracted        |       |     1 |     1 |     7 ||     9
       Confused          |       |       |    10 |     2 ||    12
  Eat: Chunk             |     1 |     9 |    12 |    15 ||    37
       Royal jelly       |       |       |       |     2 ||     2
Armor: Leather armour    |    25 |    45 |    25 |    42 ||   137
       Skin              |       |     4 |    11 |    15 ||    30
Dodge: Dodged            |    97 |   134 |   200 |   305 ||   736
Block: Large shield      |       |    60 |    21 |       ||    81
       Reflection        |       |     5 |       |       ||     5
       Buckler           |       |       |    63 |    95 ||   158
